 Dungeon Crawl Stone Soup version 0.25-a0-842-g81a31cfd23 (webtiles) character file.

Game seed: 1938815021227468708, levelgen mode: classic

338 Amnesiac the Gusty (level 6, -15/32 HPs)
             Began as a Deep Elf Air Elementalist on Apr 24, 2020.
             Demolished by a mummy (20 damage)
             ... in an ossuary.
             The game lasted 00:05:14 (1047 turns).

Amnesiac the Gusty (Deep Elf Air Elementalist)      Turns: 1047, Time: 00:05:14

Health: -15/32     AC:  2    Str:  6 (7)  XL:     6   Next: 29%
Magic:  2/16       EV: 13    Int: 16 (18) God:
Gold:   77         SH:  0    Dex: 14 (17) Spells: 9/16 levels left

rFire    . . .     SeeInvis .   d - +1 hunting sling
rCold    . . .     Gourm    .   (no shield)
rNeg     . . .     Faith    .   a - +0 robe
rPois    .         Spirit   .   (helmet restricted)
rElec    .         Reflect  .   (no cloak)
rCorr    .         Harm     .   (no gloves)
MR       .....                  (no boots)
Stlth    ++........             (no amulet)
HPRegen  0.10/turn              b - +2 ring of dexterity
MPRegen  0.15/turn              (no ring)

@: no status effects
A: horns 1, dopey 2, strong 1
a: no special abilities


You were in an ossuary.
You were not hungry.

You visited 1 branch of the dungeon, and saw 5 of its levels.
You also visited: Ossuary.

You collected 77 gold pieces.

Inventory:

Hand Weapons
 d - a +1 hunting sling (weapon)
Missiles
 e - 95 stones (quivered)
Armour
 a - a +0 robe (worn)
 g - a +0 pair of boots
Jewellery
 b - a +2 ring of dexterity (left hand)
Scrolls
 i - 2 scrolls of teleportation {!r, unknown}
 k - a scroll of immolation {!r, unknown}
Potions
 j - a potion of degeneration {!q}
Comestibles
 c - 5 rations
 f - 2 chunks of flesh


   Skills:
 - Level 2.4 Dodging
 - Level 2.4 Stealth
 + Level 5.6 Spellcasting
 - Level 1.1 Conjurations
 * Level 6.1 Air Magic


You had 9 spell levels left.
You knew the following spells:

 Your Spells              Type           Power        Failure   Level  Hunger
a - Shock                 Conj/Air       ###.         3%          1    None
e - Airstrike             Air            ###.......   12%         4    ####...
z - Swiftness             Chrm/Air       ##......     6%          2    #......

Your spell library contained the following spells:

 Spells                   Type           Power        Failure   Level  Hunger
 Static Discharge         Conj/Air       ###.....     10%         3    ##.....
 Lightning Bolt           Conj/Air       ###.......   65%         5    ######.


Dungeon Overview and Level Annotations

Branches:
Dungeon (5/15)            Ossuary (1/1)
 Temple: D:4-7

Altars:
Kikubaaqudgha
Makhleb
Vehumet
Wu Jian


Innate Abilities, Weirdness & Mutations

You have a pair of small horns on your head.
You are very dopey. (Int -4)
Your muscles are strong. (Str +2)


Message History

Press: ? - help, Shift-Dir - straight line, f - mummy
Aim: a mummy The zap hits the mummy!
The mummy is almost destroyed.
The zap hits the mummy!
The mummy is moderately damaged.
Casting: Shock (safe; 2% risk of failure)
Confirm with . or Enter, or press ? or * to list all spells.
Aiming: Shock (safe; 2% risk of failure)
Press: ? - help, Shift-Dir - straight line, p - mummy The zap hits the mummy!
You destroy the mummy!
The zap hits the mummy.
The mummy is heavily damaged.
Casting: Shock (safe; 2% risk of failure)
Confirm with . or Enter, or press ? or * to list all spells.
Aiming: Shock (safe; 2% risk of failure)
Press: ? - help, Shift-Dir - straight line The zap hits the mummy.
The mummy is heavily damaged.
Casting: Shock (safe; 2% risk of failure)
Confirm with . or Enter, or press ? or * to list all spells.
You don't have enough magic to cast that spell.
Really attack while wielding your +1 hunting sling? [Y]es or [N]o only, please.
Really attack while wielding your +1 hunting sling?
Okay, then.
The mummy hits you!
* * * LOW HITPOINT WARNING * * *
Really quaff
j - 2 bubbling coppery potions {!q}?
It was a potion of degeneration {!q}.
There was something very wrong with that liquid.
You feel weakened.
You feel dopey.
You feel clumsy.
Really quaff
h - a fizzy blue potion {!q}?
It was a potion of mutation {!q}.
You feel extremely strange. A pair of horns grows on your head!
You feel stupid. x2; You feel stronger.
Your magical contamination has completely faded away.
The mummy closely misses you.
There is an empty arch of ancient stone here.
Quiver which item? (- for none, * to show all) (? for menu, Esc to quit)
Okay, then.
Firing (i - inventory)
e - 97 stones (quivered)
Press: ? - help, Shift-Dir - straight line, f - mummy
Aim: a mummy (heavily damaged)
You shoot a stone.
The stone hits the mummy but does no damage.
The mummy is heavily damaged.
Firing (i - inventory)
e - 96 stones (quivered)
Press: ? - help, Shift-Dir - straight line, f/p - mummy
Aim: a mummy (heavily damaged)
You shoot a stone. The stone hits the mummy.
The mummy is severely damaged.
Casting: Shock (safe; 3% risk of failure)
Confirm with . or Enter, or press ? or * to list all spells.
Aiming: Shock (safe; 3% risk of failure)
Press: ? - help, Shift-Dir - straight line, f/p - mummy
Aim: a mummy (heavily damaged)
The zap hits the mummy.
The mummy is severely damaged.
The zap hits the mummy.
The mummy is severely damaged.
The mummy hits you!!
Ouch! That really hurt!
You die...

#######
#@#.#.#
#M....#
##(..##
#.∩.#
#...#
#.∩.#
#...#
##+##


You could see a mummy.

Vanquished Creatures
  Grinder (D:4)
  A howler monkey (D:4)
  2 orc wizards (D:3)
  2 mummies (Ossuary)
  A worm (D:3)
  A dart slug (D:1)
  3 orcs (D:3)
  A bat (D:1)
  3 giant cockroaches
  3 goblins
  2 frilled lizards (D:4)
  4 rats (D:1)
24 creatures vanquished.

Notes
Turn   | Place    | Note
-------+----------+-------------------------------------------
     0 | D:1      | Amnesiac the Deep Elf Air Elementalist began the quest for
                  | the Orb.
     0 | D:1      | Reached XP level 1. HP: 10/10 MP: 6/6
   157 | D:1      | Reached XP level 2. HP: 15/15 MP: 5/8
   187 | D:1      | Learned a level 2 spell: Swiftness
   432 | D:3      | Found an ornate altar of the Wu Jian Council.
   576 | D:3      | Reached skill level 4 in Air Magic
   576 | D:3      | Reached XP level 3. HP: 19/19 MP: 3/10
   621 | D:3      | Learned a level 3 spell: Static Discharge
   713 | D:3      | Reached XP level 4. HP: 24/24 MP: 9/12
   853 | D:4      | Learned a level 4 spell: Airstrike
   865 | D:4      | Found a radiant altar of Vehumet.
   868 | D:4      | Found a burning altar of Makhleb.
   868 | D:4      | Found an ancient bone altar of Kikubaaqudgha.
   891 | D:5      | Entered Level 5 of the Dungeon
   953 | D:4      | Noticed Grinder
   978 | D:4      | Killed Grinder
   978 | D:4      | Reached skill level 5 in Spellcasting
   978 | D:4      | Reached skill level 6 in Air Magic
   978 | D:4      | Reached XP level 5. HP: 13/28 MP: 1/15
   978 | D:4      | Reached XP level 6. HP: 15/32 MP: 1/16
  1001 | D:4      | Found a sand-covered staircase.
  1011 | Ossuary  | Entered an ossuary
  1038 | Ossuary  | Gained mutation: You have a pair of small horns on your
                  | head. [potion of mutation]
  1038 | Ossuary  | Gained mutation: You are dopey. (Int -2) [potion of
                  | mutation]
  1038 | Ossuary  | Gained mutation: You are very dopey. (Int -4) [potion of
                  | mutation]
  1038 | Ossuary  | Gained mutation: Your muscles are strong. (Str +2) [potion
                  | of mutation]
  1047 | Ossuary  | Demolished by a mummy

Levels and vault maps discovered:
D:1:      dpeg_arrival_arbitrary_b, layout_loops_ring
D:2:      layout_loops_ring, grunt_temple_overflow_gold_and_silver,
          overflow_temple_1_default, uniq_crazy_yiuf_cottage
D:3:      layout_basic, overflow_temple_1_default, gammafunk_ghost_split
D:4:      layout_basic, gammafunk_temple_overflow_forgotten,
          minmay_temple_entry_junction, enter_ossuary_1, uniq_grinder
D:5:      layout_loops_ring, first_ration, guppyfry_shop_venom
Ossuary:  ossuary_minmay_chase

Skill      XL: |  1  2  3  4 |
---------------+-------------+-----
Air Magic      | 4 6 |  6.1
Spellcasting   | 4 5 |  5.6
Dodging        | |  2.4
Stealth        | |  2.4
Conjurations   | |  1.1

Action                   |  1- 3 |  4- 6 || total
-------------------------+-------+-------++-------
 Fire: Hunting sling     |    12 |     2 ||    14
 Cast: Shock             |    30 |    20 ||    50
       Airstrike         |       |     3 ||     3
  Use: Scroll            |     2 |       ||     2
       Potion            |       |     2 ||     2
  Eat: Chunk             |       |     1 ||     1
Dodge: Dodged            |     2 |     9 ||    11

Table legend:
 A = Non-vault XP
 B = Vault XP
 C = Vault XP percentage of total XP
 D = Non-vault monster count
 E = Vault monster count
 F = Vault count percentage of total count
                 A         B        C        D         E       F
            +---------+---------+-------+---------+---------+-------
      Total |     163 |     320 |  66.3 |      21 |       3 |  12.5
            +---------+---------+-------+---------+---------+-------
        D:1 |      18 |       0 |   0.0 |      10 |       0 |   0.0
        D:3 |      90 |       0 |   0.0 |       7 |       0 |   0.0
        D:4 |      55 |     286 |  83.9 |       4 |       1 |  20.0
    Ossuary |       0 |      34 | 100.0 |       0 |       2 | 100.0
            +---------+---------+-------+---------+---------+-------
